[Event "40th Cappelle Open 2024"]
[Site "Cappelle-la-Grande"]
[Date "2024.03.04"]
[Round "4.18"]
[White "Pucher, Sebastien"]
[Black "Lodici, Lorenzo"]
[Result "0-1"]
[ECO "A13"]
[WhiteElo "2198"]
[BlackElo "2558"]
[Annotator "TA"]
[PlyCount "80"]
[EventDate "2024.03.02"]
[EventType "swiss"]
[EventCountry "FRA"]
[SourceTitle "playchess.com"]
[Source "ChessBase"]
[SourceQuality "1"]
[TimeControl "40/5400+30:1800+30"]

1. Nf3 d5 2. e3 Nf6 3. c4 e6 4. b3 Bd6 5. Bb2 O-O 6. Nc3 a6 7. Rc1 b6 8. cxd5 {[%emt 0:00:30] The position is equal.} exd5 9. g3 b5 10. Bg2 Bb7 11. O-O Nbd7 12. d4 Re8 13. Qc2 Rc8 14. Rfd1 Qe7 15. Ne2 Ne4 16. Nf4 b4 (16... c5 $11 {deserves consideration.}) 17. Qe2 (17. Ne5 $1 $16) 17... Ndf6 18. Nd3 a5 {[%emt 0:21:41] [#]} 19. Nc5 $1 {[%emt 0:12:43] Prevents Ba6} c6 (19... Bxc5 20. dxc5) 20. Qc2 h5 21. Nxb7 Qxb7 22. Nh4 (22. Qd3 {is interesting.} Ng4 23. Rc2 c5 24. dxc5 Rxc5 25. Rf1) 22... Bf8 23. f3 Nd6 24. Bh3 Rc7 25. Re1 g6 26. Re2 Nb5 27. Qd3 Qb6 28. Kh1 Bg7 29. Rd1 c5 30. dxc5 (30. Rc1 $1 $15) 30... Rxc5 $17 31. Bd4 ({Not} 31. Nxg6 $2 fxg6 32. Qxg6 Nc3 $19) (31. Rde1 $17 {was called for.}) 31... Nxd4 $19 32. exd4 Rc3 33. Rxe8+ Nxe8 34. Qe2 Nf6 ({Black should play} 34... Qc6 $19 35. Bf1 Nd6) 35. Ng2 Qc6 36. Nf4 (36. Ne1 $17) 36... Rc2 37. Rd2 Rxd2 38. Qxd2 Bh6 ({Better is} 38... Qc3 $17 39. Qe2 h4 (39... Qxd4 $2 40. Bc8 $19)) 39. Qf2 {[%emt 0:00:57][%mdl 8192] [#]} (39. Nxg6 $1 $11 Qc3 40. Ne7+ (40. Qxh6 Qa1+ 41. Kg2 Qxa2+ 42. Kg1 Qb1+ 43. Kg2 Qa2+ 44. Kf1 Qb1+ 45. Kg2 Qc2+ 46. Kg1 Qxg6 $11) 40... Kf8 41. Qe2 (41. Qxh6+ Kxe7 42. Qf4 Qa1+ 43. Kg2 Qxa2+ 44. Kf1 Qb1+ 45. Kg2 Qe1 $11)) 39... Bxf4 40. gxf4 Qc1+ {[%emt 0:00:06] Weighted Error Value: White=0.32/Black=0.18 (very precise) .  Loses game:     	White=1     	---        Mistake:       	White=4     	Black=3      Inaccurate:     	White=1     	Black=3      OK:         	White=13    	Black=13     Best:        	---       	Black=2} 0-1

[Event "40th Cappelle Open 2024"]
[Site "Cappelle-la-Grande"]
[Date "2024.03.05"]
[Round "5.1"]
[White "Puranik, Abhimanyu"]
[Black "Vlachos, Anatole"]
[Result "1-0"]
[ECO "B13"]
[WhiteElo "2618"]
[BlackElo "2479"]
[Annotator "TA"]
[PlyCount "71"]
[EventDate "2024.03.02"]
[EventType "swiss"]
[EventCountry "FRA"]
[SourceTitle "playchess.com"]
[Source "ChessBase"]
[SourceQuality "1"]
[TimeControl "40/5400+30:1800+30"]

1. e4 c6 2. d4 d5 3. exd5 cxd5 4. Bd3 Nc6 5. c3 e6 6. Bf4 Bd6 7. Bxd6 Qxd6 8. Nf3 {[%emt 0:00:05] The position is equal.} Nge7 9. O-O O-O 10. Re1 Ng6 11. g3 Bd7 12. Nbd2 Rac8 13. h4 Rfd8 14. Nf1 Nf8 15. Ne3 Be8 16. h5 h6 17. Ng2 f6 ({Black should play} 17... Nh7 $11) 18. Nfh4 $14 e5 19. Nf5 Qd7 (19... Qc7 $142) 20. Qg4 $16 Kh8 21. Nge3 {[%emt 0:01:00] White has more active pieces.} (21. Bb5 $1 $16 {Hoping for dxe5.} Qc7 22. Ngh4) 21... Ne6 22. Rad1 Qf7 23. Be2 $36 {[%emt 0:03:23][%mdl 2048] Black is under pressure.} Rc7 (23... e4 $14 {is more appropriate.}) 24. f4 exd4 25. cxd4 Bd7 26. Qf3 (26. Nxd5 $2 {perishes.} Nexd4 27. Nde3 (27. Nxc7 $2 Bxf5 28. Qh4 Nxe2+ 29. Kf2 Ned4 $19) 27... Be6 $19 (27... Qxa2 28. Qxg7#)) 26... Nf8 (26... Bc8 $16) 27. Nd6 ({And not} 27. Nxd5 Bxf5 28. Nxc7 Qxc7 $17 (28... Nxd4 29. Rxd4 Rxd4 30. Nb5 $15)) 27... Qg8 (27... Qe6 {might work better.}) 28. Nxd5 $18 Bg4 29. Qxg4 Qxd5 {[%emt 0:00:03] [#]} 30. Nf5 {[%emt 0:00:30] Black must now prevent Bf3.} Qa5 31. Bd3 (31. Bf1 $18 {and White stays clearly on top.}) 31... Nxd4 32. Nxd4 Qb6 $2 {[%emt 0:01:17][%mdl 8192] [#] This move loses the game for Black.} (32... Qc5 $16) 33. Kf1 $1 Rxd4 34. Re8 Qc5 (34... Kg8 $142 35. Qg6 Rxd3 36. Qxd3 Kf7) 35. Qf5 Rxd3 36. Qxd3 {[%emt 0:00:07] Weighted Error Value: White=0.25 (precise) /Black=0.51.  Loses game:     	---       	Black=1      Missed win:     	White=1     	---        Mistake:       	White=1     	Black=6      Inaccurate:     	White=1     	Black=2      OK:         	White=10    	Black=9      Best:        	White=4     	Black=3      Strong:       	White=1     	---} 1-0

[Event "40th Cappelle Open 2024"]
[Site "Cappelle-la-Grande"]
[Date "2024.03.05"]
[Round "5.2"]
[White "Barp, Alberto"]
[Black "Gopal G.N."]
[Result "1-0"]
[ECO "D45"]
[WhiteElo "2449"]
[BlackElo "2575"]
[Annotator "TA"]
[PlyCount "117"]
[EventDate "2024.03.02"]
[EventType "swiss"]
[EventCountry "FRA"]
[SourceTitle "playchess.com"]
[Source "ChessBase"]
[SourceQuality "1"]
[TimeControl "40/5400+30:1800+30"]

1. d4 d5 2. c4 c6 3. Nf3 Nf6 4. Nc3 e6 5. e3 Nbd7 6. Qc2 b6 7. cxd5 cxd5 {[%emt 0:00:09] is recently more successful than 7...exd5.} 8. Nb5 {[%emt 0:00:11] D45: Semi-Slav: 5 e3.} Bb4+ 9. Bd2 Bxd2+ 10. Nxd2 O-O 11. Be2 Ba6 12. a4 Qb8 $146 ({Predecessor:} 12... Qe7 13. O-O Rfc8 14. Qb3 Ne8 15. Bd3 Bb7 16. Nc3 a6 17. Rfc1 Nd6 18. a5 b5 {0-1 Dardha,D (2532)-Murzin,V (2519) Tata Steel-B 84th 2022 (1)}) 13. O-O Rc8 14. Qb3 Bxb5 15. axb5 Qd6 16. Rfc1 Rc7 17. Rc3 g6 18. Qc2 Rac8 19. Rxa7 Rxa7 20. Rxc8+ Kg7 21. g3 Qb4 22. Qc3 Qxc3 23. Rxc3 (23. bxc3 $2 {is the wrong capture.} Ra2 24. Nc4 Rxe2 $19 (24... dxc4 $2 25. Bxc4 Rb2 26. Bf1 $19)) 23... Ra2 24. Rc2 Ne8 25. Kg2 Kf8 26. Nb3 Nd6 27. Nc1 Ra8 28. Rc6 Ke7 29. Nd3 f6 (29... Ra2 $14) 30. Nb4 Ra4 31. Na6 Ra5 32. Rc7 Kd8 33. Rc2 Ke7 34. Nb4 Ra4 35. Nc6+ Ke8 36. Bg4 (36. g4 $142) 36... Nf8 $16 37. Be2 (37. Nb8 $142) 37... Nd7 $1 $16 38. Rc3 Ra2 39. Ra3 Rxb2 40. Ra8+ Kf7 41. Rd8 $1 Ne4 42. Rxd7+ Kf8 43. Bf1 Nxf2 44. Kg1 ({Don't do} 44. Rxh7 Ne4+ 45. Kg1 Ng5 $14) 44... Ng4 (44... Ne4 $16 {is a better defense.}) 45. Rxh7 $18 Rb1 46. Rh4 Nxe3 47. Rf4 Kg7 48. Rf3 Nc4 49. Kg2 Rxb5 50. Bxc4 ({White should play} 50. Rf2 $18) 50... dxc4 $16 51. Re3 Rb2+ 52. Kh3 (52. Kf3 $16) 52... b5 53. Rxe6 c3 (53... b4 $1 $11 {remains equal.}) 54. Re7+ $16 Kh6 {[%emt 0:00:47] [#]} 55. Rc7 $1 b4 (55... Rd2 $142 56. Nb4 Rxd4) 56. d5 $18 b3 (56... f5 $142 57. d6 g5) 57. Nd4 $18 c2 58. d6 Ra2 $2 (58... c1=Q 59. Rxc1 Rd2 60. Nxb3 Rxd6) 59. Nxb3 1-0

[Event "40th Cappelle Open 2024"]
[Site "Cappelle-la-Grande"]
[Date "2024.03.05"]
[Round "5.3"]
[White "Sasikiran, Krishnan"]
[Black "Fedoryshyn, Ievgenii"]
[Result "1-0"]
[ECO "E05"]
[WhiteElo "2578"]
[BlackElo "2256"]
[Annotator "TA"]
[PlyCount "47"]
[EventDate "2024.03.02"]
[EventType "swiss"]
[EventCountry "FRA"]
[SourceTitle "playchess.com"]
[Source "ChessBase"]
[SourceQuality "1"]
[TimeControl "40/5400+30:1800+30"]

1. d4 d5 2. c4 e6 3. Nf3 Nf6 4. g3 Be7 5. Bg2 O-O 6. O-O dxc4 7. Qc2 a6 8. a4 Bd7 9. Qxc4 Bc6 10. Bg5 a5 11. Nc3 Na6 12. Rfd1 Nb4 13. e3 h6 14. Bxf6 Bxf6 {[%emt 0:00:05] White has an edge.} 15. Rac1 Rc8 16. Nd2 Bxg2 17. Kxg2 c5 18. dxc5 $16 Qd3 {[%emt 0:00:06] [#] Repels Nde4} (18... Qe8 $142) 19. Nce4 $1 Bxb2 {[%emt 0:08:03] [#]} (19... Be5 $16 20. Nb3 Qxc4 21. Rxc4 b6 22. Rxb4 axb4) 20. Rb1 $1 $18 Qa3 (20... Qxc4 {keeps fighting.} 21. Nxc4 Bf6 22. Nxa5 Nc6) 21. Qb5 {[%emt 0:06:33][%csl LRa5,LRb7][%cal Od2c4] Nc4! would now be deadly. White is clearly winning.} Bf6 22. Nc4 Qa2 23. Nxf6+ gxf6 24. Rb2 {[%emt 0:00:07] Black got outplayed after the opening.   Weighted Error Value: White=0.01 (flawless) /Black=0.74.  Mistake:       	---       	Black=4      Inaccurate:     	---       	Black=1      OK:         	White=2     	---        Best:        	White=3     	Black=1      Strong:       	White=1     	---} ({Not} 24. Qxa5 Nd3 25. Qd2 Qxc4 $14) 1-0

[Event "40th Cappelle Open 2024"]
[Site "Cappelle-la-Grande"]
[Date "2024.03.05"]
[Round "5.4"]
[White "Boyer, Mahel"]
[Black "Lamard, Guillaume"]
[Result "0-1"]
[ECO "A13"]
[WhiteElo "2415"]
[BlackElo "2483"]
[Annotator "TA"]
[PlyCount "72"]
[EventDate "2024.03.02"]
[EventType "swiss"]
[EventCountry "FRA"]
[SourceTitle "playchess.com"]
[Source "ChessBase"]
[SourceQuality "1"]
[TimeControl "40/5400+30:1800+30"]

1. Nf3 Nf6 2. e3 d5 3. c4 e6 4. b3 a6 5. Bb2 c5 6. cxd5 exd5 7. Be2 Nc6 8. d4 {[%emt 0:00:03] The position is equal.} cxd4 9. Nxd4 Bb4+ 10. Bc3 Bd6 11. Nd2 O-O 12. O-O Re8 13. Nxc6 bxc6 14. Qc2 h5 15. Bd3 c5 16. h3 Bb7 17. Rfe1 Rc8 18. Qb2 $2 {[%emt 0:04:39][%mdl 8192] [#] White does not recover from this.} (18. Bf5 $11 {and White is okay.}) 18... d4 $1 $19 19. exd4 cxd4 20. Bxd4 {[%emt 0:08:55] [#]} Ba3 $1 21. Bxf6 (21. Rxe8+ Nxe8) 21... Bxb2 (21... Qd5 $142 22. Rxe8+ (22. Qxa3 $2 Qxg2#) (22. Be4 $2 Rxe4 23. Nxe4 Bxb2 $19) 22... Rxe8 23. Bh7+ Kxh7 24. Qc2+ Kg8) 22. Bxd8 Rexd8 23. Be4 {[%emt 0:02:22] White is weak on the dark squares} (23. Rab1 $142 Bc3 24. Bf5) 23... Bxe4 24. Nxe4 Bxa1 25. Rxa1 {[%emt 0:00:02][%mdl 4096] Endgame. KRR-KRN} Rc2 26. a3 Re8 27. Ng3 (27. Re1 Kf8 (27... f5 28. Nf6+ gxf6 29. Rxe8+ Kf7 30. Rb8 $18) 28. g4) 27... g6 28. h4 f5 29. Nf1 Rb2 {[%emt 0:01:50][%cal Oe8e2] Strongly threatening ...Ree2!} 30. Ne3 Rxb3 31. g3 (31. Kf1 $142) 31... Reb8 {[%emt 0:00:46] Black is clearly winning.} 32. Kf1 Rb1+ 33. Rxb1 Rxb1+ 34. Ke2 Rb2+ 35. Ke1 Kg7 36. Nc4 Ra2 {[%emt 0:04:20] Weighted Error Value: White=0.52/Black=0.22 (precise) .  Loses game:     	White=1     	---        Mistake:       	White=3     	Black=1      Inaccurate:     	White=2     	Black=1      OK:         	White=10    	Black=13     Best:        	White=1     	Black=1      Brilliant:      	---       	Black=2} 0-1

[Event "40th Cappelle Open 2024"]
[Site "Cappelle-la-Grande"]
[Date "2024.03.05"]
[Round "5.5"]
[White "Jablonicky, Martin"]
[Black "Velten, Paul"]
[Result "0-1"]
[ECO "A46"]
[WhiteElo "2393"]
[BlackElo "2475"]
[Annotator "TA"]
[PlyCount "66"]
[EventDate "2024.03.02"]
[EventType "swiss"]
[EventCountry "FRA"]
[SourceTitle "playchess.com"]
[Source "ChessBase"]
[SourceQuality "1"]
[TimeControl "40/5400+30:1800+30"]

1. d4 Nf6 2. Nf3 e6 3. Bf4 c5 4. e3 Be7 5. Nc3 cxd4 6. exd4 d6 7. Bd3 a6 8. Qe2 {[%emt 0:03:53] The position is equal.} Nc6 9. O-O-O (9. O-O $11) 9... b5 $17 10. g4 b4 11. Ne4 Nxe4 (11... Nd5 $17 12. Bg3 a5) 12. Qxe4 $11 d5 13. Qe3 Bd7 (13... a5 $1 $15) 14. h4 $14 a5 15. Kd2 Qb6 16. g5 f6 17. Rhg1 ({White should try} 17. gxf6 $14 gxf6 (17... Bxf6 18. Rhg1 $16) 18. b3) 17... g6 $2 {[%emt 0:14:57] [#]} ({Black should play} 17... b3 $1 $11 18. gxf6 (18. axb3 e5 $17) 18... gxf6) 18. h5 $1 $36 {[%emt 0:04:39][%mdl 2560] White is in control.} gxh5 (18... fxg5 19. Bxg5) 19. g6 (19. c4 $16 {And now cxd5 would win.} bxc3+ 20. bxc3 Qb2+ 21. Ke1 (21. Bc2 fxg5 22. Bxg5 Nb4 $18)) 19... hxg6 $11 20. Bxg6+ Kd8 21. Bf7 a4 (21... b3 $1 $15 22. Qxb3 (22. cxb3 a4 $17) 22... Ra6) 22. Bxe6 $16 Ra7 23. Bxd7 (23. Bxd5 b3 24. Bxc6 (24. cxb3 $2 Qa5+ 25. Kc1 Qxd5 $19) 24... bxc2 $15) 23... Rxd7 24. Rg7 $2 (24. Qe6 $16 {and life is bright. Intending Rg8+ and mate.} Kc8 25. Kc1) 24... b3 $1 $17 {[%emt 0:00:11] Really sharp!} 25. Rdg1 $2 {[%emt 0:00:37][%mdl 8192] Now White is beyond hope.} (25. cxb3 $2 Bb4+ 26. Kc2 Rxg7 $19) (25. Qe6 $17 Bb4+ 26. Kc1 Rxg7 27. axb3 (27. Qxd5+ $2 Rd7 $19) (27. Qxf6+ $2 Kc8 $19)) 25... Bb4+ $19 {[%emt 0:03:10] Black is clearly winning.} (25... bxa2 $2 26. Rg8+ Bf8 27. Rxh8 $18) 26. c3 Rxg7 27. Rxg7 {[%emt 0:00:30] [#]} Re8 {[%emt 0:00:23] Wards off Qe6} 28. Qd3 (28. Bc7+ Qxc7 29. Rxc7 (29. Qxe8+ $2 Kxe8 30. Rxc7 bxa2 $19) 29... Rxe3 30. axb3 Rxf3 (30... Kxc7 $2 31. fxe3 a3 32. bxa3 $19)) (28. axb3 $142 Rxe3 29. fxe3) 28... bxa2 29. Bc7+ Qxc7 $1 30. Rxc7 Kxc7 ({And not} 30... a1=B 31. Rxc6 Kd7 32. Qb5 (32. Rxf6 Bxb2 33. cxb4 Bc1+ 34. Kxc1 Ke7 35. Qg6 Kd7 36. Rf7+ Re7 37. Ne5+ Kd8 38. Rf8+ Re8 39. Rxe8+ Kc7 40. Qc6#) 32... Bd6 33. Qxd5 (33. Qxa4 Rd8 $18) 33... Re6 34. Rb6 Ke8 35. Qxe6+ Kf8 36. Qxd6+ Kf7 37. Qxf6+ Ke8 38. Qg7 Kd8 39. Rb8#) 31. Qf1 {[%emt 0:00:06] [#]} Na5 $1 32. Kc2 {[%emt 0:03:43] [#] Prevents Nb3} (32. Kd3 Nb3) 32... Nb3 $1 33. Qb5 (33. cxb4 a1=Q) 33... Rb8 {[%emt 0:02:22] Weighted Error Value: White=1.31/Black=0.45.  Loses game:     	White=1     	---        Mistake:       	White=5     	Black=4      Inaccurate:     	White=3     	Black=2      OK:         	White=4     	Black=7      Best:        	White=2     	Black=4      Strong:       	---       	Black=1      Brilliant:      	White=1     	---} (33... a1=N+ 34. Kb1 Rb8 35. Qxd5 $18 (35. Qxa4 Bxc3 36. Qa7+ Rb7 $16)) 0-1

[Event "40th Cappelle Open 2024"]
[Site "Cappelle-la-Grande"]
[Date "2024.03.05"]
[Round "5.6"]
[White "Idani, Pouya"]
[Black "Lucas, Arthur"]
[Result "1-0"]
[ECO "B21"]
[WhiteElo "2609"]
[BlackElo "2341"]
[Annotator "TA"]
[PlyCount "117"]
[EventDate "2024.03.02"]
[EventType "swiss"]
[EventCountry "FRA"]
[SourceTitle "playchess.com"]
[Source "ChessBase"]
[SourceQuality "1"]
[TimeControl "40/5400+30:1800+30"]

1. e4 c5 2. Be2 Nc6 3. d3 e6 4. f4 d5 5. Nf3 Bd6 6. O-O {[%emt 0:00:08] B21: Sicilian: 2 f4 and Morra Gambit.} Nge7 7. c3 f6 8. Be3 Qc7 9. Na3 a6 10. g3 b6 $146 ({Predecessor:} 10... O-O 11. Qe1 b6 12. Rc1 Bb7 13. Qf2 Rac8 14. Nc2 Nd8 15. Nd2 Nf7 16. Qg2 Rfd8 {½-½ Manhardt,T (2173)-Karasek,L (2235) Feffernitz op 32nd 2023 (8)}) 11. Nc2 Bb7 12. b4 O-O 13. bxc5 bxc5 14. Nd2 Na5 15. Rb1 Rab8 16. Bf2 Ba8 17. Ne3 Rxb1 18. Qxb1 Rb8 19. Qc2 Bc6 20. Bg4 Bd7 21. Bf3 Bc6 22. Bg4 Bd7 23. Bf3 Bc6 24. Re1 Qb7 25. Bg4 Bd7 26. Rb1 Qc8 27. Rxb8 Bxb8 28. Bf3 Bc6 29. exd5 exd5 30. c4 d4 31. Nd5 Nxd5 (31... Kf8 $14) 32. cxd5 (32. Bxd5+ $16 Bxd5 33. cxd5) 32... Bd7 $11 33. Ne4 f5 34. Ng5 (34. Nxc5 $2 Ba7 35. Bxd4 Nb7 $19) 34... Bd6 35. Qd2 Nb7 36. Bd1 Nd8 37. Bb3 h6 38. Nf3 Nf7 39. Qd1 Qe8 40. Nd2 g5 41. Nc4 Kg7 $2 (41... gxf4 $11 {and Black has nothing to worry.} 42. Nxd6 Nxd6) 42. Nxd6 $1 $18 Nxd6 {[%emt 0:00:03] [#]} 43. fxg5 (43. Qc1 $1 $18 {[%cal Rc1c5] and the rest is easy.}) 43... hxg5 (43... Nf7 $16 {was necessary.}) 44. Qc1 $18 Qe2 45. Qxg5+ Kf7 46. Qd8 Qe7 47. Qb6 Bb5 48. Bc2 $2 (48. Qxc5 $6 Bxd3 49. Qc1 (49. Qxd4 Qe2 $16) 49... Kg6 $18) (48. h4 $18) 48... Nc8 {[%emt 0:04:25] [#]} (48... Qe2 $1 $14) 49. Qb8 $1 $18 Bd7 50. Qb7 Ke8 (50... a5 $142 51. Bb3 Kf6 52. Qa6+ Qd6 53. Qxa5 Nb6) 51. Qxa6 $18 Qe2 $2 (51... Qd6 52. Qxd6 Nxd6) 52. Ba4 $18 Bxa4 53. Qxa4+ Ke7 54. Qc6 Qxd3 55. Qxc5+ ({Stronger than} 55. Qxc8 Qb1+ 56. Kg2 Qe4+ 57. Kf1 Qd3+ 58. Ke1 Qc3+ 59. Kd1 Qd3+ 60. Ke1 Qb1+ 61. Kd2 Qxa2+ 62. Ke1 Qb1+ 63. Ke2 Qb5+ 64. Kf3 Qd3+ 65. Kg2 Qe4+ 66. Kh3 Qg4+ 67. Kg2 Qe4+ 68. Kh3 Qg4+ 69. Kg2 Qe4+ $11) 55... Nd6 (55... Kd7 $142 56. Qc6+ (56. Qxd4 Qb1+ 57. Kg2 Qxa2 $18) 56... Ke7) 56. Qxd4 $18 ({Less strong is} 56. Qc7+ Ke8 $16) 56... Qb1+ 57. Kg2 Qxa2 58. Qe5+ Kd7 59. Qe6+ 1-0

[Event "40th Cappelle Open 2024"]
[Site "Cappelle-la-Grande"]
[Date "2024.03.05"]
[Round "5.7"]
[White "Lodici, Lorenzo"]
[Black "Bournel, Antoine"]
[Result "1-0"]
[ECO "B13"]
[WhiteElo "2558"]
[BlackElo "2332"]
[Annotator "TA"]
[PlyCount "137"]
[EventDate "2024.03.02"]
[EventType "swiss"]
[EventCountry "FRA"]
[SourceTitle "playchess.com"]
[Source "ChessBase"]
[SourceQuality "1"]
[TimeControl "40/5400+30:1800+30"]

1. e4 c6 2. d4 d5 3. exd5 cxd5 4. Bd3 Nc6 5. c3 Nf6 6. Bf4 Bg4 7. Qb3 Qd7 8. Nd2 e6 9. Ngf3 Bd6 10. Bxd6 Qxd6 11. O-O O-O 12. Rae1 Bxf3 13. Nxf3 Qc7 14. Ne5 Nxe5 15. dxe5 Nd7 16. Qc2 Nxe5 17. Bxh7+ Kh8 18. Re3 g6 19. Rh3 Kg7 20. Qd2 Ng4 $1 21. Qg5 Rh8 $1 22. Qxg4 Rxh7 23. Qd4+ e5 24. Rxh7+ (24. Qxd5 Rxh3 25. gxh3 Rd8 $15) 24... Kxh7 25. Qxd5 Rd8 26. Qb3 Kg7 27. Rd1 Rxd1+ 28. Qxd1 Qc4 29. a3 Qa2 30. Qc1 b5 31. h4 a5 {[%emt 0:04:40] [#]} 32. h5 (32. f3 $1 $16) 32... gxh5 $11 33. Qg5+ Kf8 34. Qxh5 Qb1+ 35. Kh2 Qe4 36. Kh3 f6 37. Qh4 Qc6 (37... Qf5+ $1 $11 38. Kg3 Ke7) 38. Qh8+ Kf7 39. Qh7+ Kf8 40. f3 a4 41. Qe4 Qd7+ 42. Kh2 Kg7 43. c4 bxc4 44. Qxc4 Qd1 45. Qe4 Qb3 46. Kg3 Kf7 47. Qh7+ Kf8 48. Qg6 Qb6 49. Kg4 (49. Qe4 $16 Qxb2 50. Qxa4) 49... Qe6+ (49... e4 $11) 50. Kh5 Ke7 51. Qc2 Qf7+ 52. Kh4 Qe8 53. Qc5+ Kf7 54. Qc4+ Kg7 55. Kg3 Qb8 (55... f5 $14) 56. Qb4 ({Much weaker is} 56. Qxa4 $6 Qxb2 57. Qb4 Qe2 $11) ({White should play} 56. Qg4+ $16 Kf7 57. Qd7+ (57. Qxa4 Qxb2 58. Qd7+ Kf8 $16) 57... Kg6 58. Qg4+ (58. Qxa4 Qxb2 59. Qg4+ Kf7 $16) 58... Kf7 59. Qd7+ (59. Qxa4 Qxb2 60. Qc4+ Kg6 $16) 59... Kg6 60. Qxa4 Qxb2 61. Qe4+ Kg5 62. Qh7) 56... Qe8 $14 57. Qc4 (57. Kh2 $14) 57... f5 (57... Qb8 $11) 58. b4 $14 axb3 59. Qxb3 Qc6 60. a4 Qc1 61. Qb4 Qg5+ ({Better is} 61... e4 $14) 62. Kf2 $16 f4 $2 (62... e4 $16 {is tougher.} 63. Qd4+ (63. fxe4 Qf4+ 64. Ke2 fxe4 $16) 63... Kg8) 63. a5 $18 Qh4+ 64. Kg1 Qd8 65. a6 Qd1+ 66. Kh2 Qa1 67. Qe7+ Kg6 68. a7 Qe1 69. Qe6+ ({Weaker is} 69. a8=B Qg3+ 70. Kg1 Qe1+ 71. Kh2 Qg3+ 72. Kg1 Qe1+ 73. Kh2 $11) 1-0

[Event "40th Cappelle Open 2024"]
[Site "Cappelle-la-Grande"]
[Date "2024.03.05"]
[Round "5.8"]
[White "Karthikeyan, P.."]
[Black "Can, Emre"]
[Result "0-1"]
[ECO "A22"]
[WhiteElo "2306"]
[BlackElo "2551"]
[Annotator "TA"]
[PlyCount "68"]
[EventDate "2024.03.02"]
[EventType "swiss"]
[EventCountry "FRA"]
[SourceTitle "playchess.com"]
[Source "ChessBase"]
[SourceQuality "1"]
[TimeControl "40/5400+30:1800+30"]

1. c4 e5 2. Nc3 Nf6 3. g3 Bb4 4. Bg2 O-O 5. Nf3 Bxc3 6. bxc3 Re8 7. O-O d6 8. d3 e4 9. Nd4 Nbd7 10. Nc2 h6 11. f3 exd3 12. exd3 {[%emt 0:00:07] The position is equal.} Rb8 13. f4 Nc5 14. f5 Bd7 15. Ne3 Qe7 16. Rb1 Bc6 17. Bxc6 bxc6 18. Rxb8 Rxb8 19. Qc2 Re8 {[%emt 0:04:33] Black is more active.} 20. Bd2 d5 21. cxd5 cxd5 22. Qb1 (22. Ng2 $15 {feels stronger.}) 22... Qd6 23. Rf4 Ncd7 24. Bc1 (24. Rf1 $17) 24... Qc5 $19 25. Qb4 Qxb4 26. cxb4 Ne5 27. Bd2 Nxd3 28. Rd4 Ne5 {[%emt 0:00:13] Excellent horsemanship.} 29. Kg2 {[%emt 0:00:08] Repels Nf3} c6 30. b5 $2 {[%emt 0:01:54] [#]} (30. h3 {was worth a try.}) 30... c5 ({Not} 30... cxb5 31. Nxd5 Nxd5 32. Rxd5 $17) 31. Ra4 Rb8 32. Rxa7 Rxb5 33. Nd1 {[%emt 0:00:09] Prevents Rb2.} d4 {[%emt 0:00:59] [#] White must now prevent ...Rb1.} 34. Bf4 Nd3 {[%emt 0:00:23] Weighted Error Value: White=0.21 (precise) /Black=0.02 (flawless) .  Mistake:       	White=3     	---        Inaccurate:     	White=3     	Black=1      OK:         	White=7     	Black=15     Best:        	White=2     	Black=2} 0-1

[Event "40th Cappelle Open 2024"]
[Site "Cappelle-la-Grande"]
[Date "2024.03.05"]
[Round "5.9"]
[White "Girel, Joseph"]
[Black "Fiedorek, Michal"]
[Result "1/2-1/2"]
[ECO "C77"]
[WhiteElo "2486"]
[BlackElo "2286"]
[Annotator "RC"]
[PlyCount "84"]
[EventDate "2024.03.02"]
[EventType "swiss"]
[EventCountry "FRA"]
[SourceTitle "playchess.com"]
[Source "ChessBase"]
[SourceQuality "1"]
[TimeControl "40/5400+30:1800+30"]

1. e4 e5 2. Nf3 Nc6 3. Bb5 a6 4. Ba4 Nf6 5. O-O Be7 6. d3 b5 7. Bb3 O-O 8. Nc3 d6 9. a3 Nb8 10. Ne2 c5 11. Ng3 Nc6 12. c3 Be6 13. Bc2 d5 14. Ng5 Bg4 15. f3 Bc8 16. f4 dxe4 17. N3xe4 Nxe4 18. Nxe4 f5 19. Ng3 Bd6 20. Qf3 Qc7 21. b4 cxb4 22. Bb3+ Kh8 23. axb4 Bb7 24. Qf2 a5 25. bxa5 Nxa5 26. Be6 Rae8 27. Ba2 exf4 28. Bxf4 Bxf4 29. Qxf4 Qxc3 30. Rac1 Qxd3 31. Rc7 Qe3+ 32. Qxe3 Rxe3 33. Rxf5 Re1+ 34. Kf2 Ree8 35. Rcc5 g6 36. Rxf8+ Rxf8+ 37. Ke3 Re8+ 38. Kf2 Rf8+ 39. Ke3 Re8+ 40. Kf2 Bc6 41. Ne2 Rf8+ 42. Ke3 Re8+ 1/2-1/2